 Dungeon Crawl Stone Soup version 0.22-a0-558-gc224181 (webtiles) character file.

12185 Ekaitz the Magician (level 11, -3/58 HPs)
             Began as a Vine Stalker Ice Elementalist on June 26, 2018.
             Was a High Priest of Vehumet.
             Slain by an ice devil (9 damage)
             ... in an ice cave.
             The game lasted 01:07:16 (11053 turns).

Ekaitz the Magician (VSIE)                         Turns: 11053, Time: 01:07:17

Health: -3/58      AC:  9    Str:  8    XL:     11   Next: 89%
Magic:  0/22       EV: 15    Int: 24    God:    Vehumet [*****.]
Gold:   457        SH:  0    Dex: 17    Spells: 2/24 levels left

rFire    . . .     SeeInvis +   a - +6 short sword (pierce)
rCold    + + +     Gourm    .   (no shield)
rNeg     . . .     Faith    .   J - +2 robe {rC+}
rPois    .         Spirit   +   B - +1 helmet
rElec    .         Reflect  .   i - scarf {rC+ rF+}
rCorr    .         Harm     .   V - +2 pair of gloves of Free Will {Str-2 Int+7 SInv}
MR       +....                  (no boots)
Stlth    ++++......             (no amulet)
HPRegen  0.59/turn              D - ring of wizardry
MPRegen  0.18/turn              m - ring of ice

@: very slightly contaminated
A: fangs 3, regeneration 1, magic shield, antimagic bite, no potion heal 3, rot
immunity
a: Renounce Religion


You were in an ice cave.
You worshipped Vehumet.
Vehumet was extremely pleased with you.
You were hungry.

You visited 2 branches of the dungeon, and saw 12 of its levels.
You also visited: Ossuary and Ice Cave.

You collected 666 gold pieces.
You spent 209 gold pieces at shops.

Inventory:

Hand Weapons
 a - a +6 short sword of piercing (weapon)
 b - a +4 scimitar of flaming
 T - a +2 spear of piercing
Missiles
 s - 3 throwing nets (quivered)
Armour
 i - a scarf of resistance (worn)
 q - a +0 buckler
 x - a scarf of cloud immunity
 B - a +1 helmet (worn)
 G - a scarf of repulsion
 J - a +2 robe of cold resistance (worn)
 P - a +2 robe of the Archmagi
 V - the +2 pair of gloves of Free Will (worn) {Str-2 Int+7 SInv}
   (You found it on level 10 of the Dungeon)

   It affects your strength (-2).
   It affects your intelligence (+7).
   It lets you see invisible.
Jewellery
 m - a ring of ice (right hand)
 D - a ring of wizardry (left hand)
 Y - an uncursed ring of protection from fire
Wands
 I - a wand of scattershot (5)
 L - a wand of polymorph (21)
 R - a wand of flame (71)
Scrolls
 f - 9 scrolls of teleportation
 h - 3 scrolls of remove curse
 r - 2 scrolls of fear
 u - 7 scrolls of magic mapping
 U - 4 scrolls of identify
 W - 2 scrolls of summoning
Potions
 k - 4 potions of lignification
 l - 15 potions of curing
 n - 2 potions of brilliance
 p - a potion of invisibility
 z - 3 potions of haste
 A - 2 potions of resistance
Comestibles
 c - 25 rations
 o - 6 chunks of flesh


   Skills:
 + Level 6.4 Fighting
 + Level 6.2 Short Blades
 * Level 0.7(3.9) Long Blades
 + Level 4.8 Dodging
 - Level 7.0 Stealth
 * Level 3.4 Shields
 + Level 7.1 Spellcasting
 + Level 4.9 Conjurations
 + Level 2.0 Charms
 + Level 5.7 Summonings
 + Level 7.0 Ice Magic
 * Level 3.3 Air Magic
 + Level 3.3 Evocations


You had 2 spell levels left.
You knew the following spells:

 Your Spells              Type           Power        Failure   Level  Hunger
a - Freeze                Ice            ####         1%          1    None
b - Throw Frost           Conj/Ice       ######       1%          2    None
c - Ozocubu's Armour      Chrm/Ice       #####...     1%          3    None
d - Throw Icicle          Conj/Ice       ######..     1%          4    ###....
e - Summon Ice Beast      Ice/Summ       ######..     2%          4    ###....
f - Freezing Cloud        Conj/Ice/Air   #####.....   14%         6    ######.
s - Searing Ray           Conj           ####..       1%          2    None

Your spell library contained the following spells:

 Spells                   Type           Power        Failure   Level  Hunger
 Deflect Missiles         Chrm/Air       ###.......   78%         6    ######.
 Iskenderun's Battlesphe  Conj/Chrm      ####....     5%          5    #####..
 Song of Slaying          Chrm           ###.....     1%          2    None


Dungeon Overview and Level Annotations

Branches:
Dungeon (11/15)            Temple (1/1) D:4            Lair (0/6) D:10
    Orc: D:9-12

Altars:
Ashenzari
Cheibriados
Dithmenos
Elyvilon
Fedhas
Gozag
Hepliaklqana
Kikubaaqudgha
Makhleb
Nemelex Xobeh
Okawaru
Qazlal
Ru
Sif Muna
Trog
Uskayaw
Vehumet
Wu Jian
Xom
Yredelemnul
Zin
The Shining One
Beogh

Shops:
D:6 *   D:7 *   D:8 *

Annotations:
IceCv exclusion: 2 ice statues


Innate Abilities, Weirdness & Mutations

You have razor-sharp teeth.
Your natural rate of healing is unusually fast.
When hurt, damage is shared between your health and your magic reserves.
Your bite disrupts and absorbs the magic of your enemies.
Potions cannot restore your health.
You are immune to rotting.


Message History

Your ice beast dies!
Your ice beast hits the ice devil.
Your ice beast freezes the ice devil.
The ice devil completely resists.
Your ice beast hits the ice devil.
Your ice beast freezes the ice devil.
The ice devil completely resists.
Okay, then.
Press: ? - help, v - describe, . - travel
Here: an ice devil (moderately wounded)
The floor, spattered with blood.
Marking area around the ice statue as unsafe for travelling.
Marking area around the ice statue as unsafe for travelling. 2 ice statues come into view.
The ice statue gestures at you. The shard of ice hits you!
You partially resist.
* * * LOW HITPOINT WARNING * * *
Found a scroll of fear and a scroll of remove curse.
Evoke which item? (* to show all) (? for menu, Esc to quit)
Okay, then.
The ice devil hits you!
You die...

#...∩...#
#...∩...#
##.....## ##...##
##...# #...##
#...## ##.Y.#
##@4.##
##8#.....#8##
#...........#
#.............#
#.............#
#...............#
#...............#
#.......⌠.......#
...............#


You could see an ice devil and a friendly ice beast.

Vanquished Creatures
  2 two-headed ogres (D:9)
  Pikel (D:8)
  A manticore (D:10)
  An efreet (D:10)
  2 rime drakes (D:11)
  A hornet (D:8)
  3 hippogriffs
  6 yaks
  4 porcupines (D:10)
  A black bear (D:10)
  8 orc warriors
  5 sky beasts
  5 ogres
  A slave (D:8)
  2 phantoms
  9 centaurs
  A crocodile (D:10)
  A big kobold (D:9)
  10 bullfrogs
  2 water moccasin zombies (Ossuary)
  A scorpion (D:5)
  2 howler monkeys
  2 electric eels (D:9)
  6 crimson imps
  3 hounds
  A gnoll shaman (D:6)
  7 orc priests
  3 jellies
  2 centaur skeletons
  5 iguanas
  12 orc wizards
  10 worker ants
  2 big kobold zombies (Ossuary)
  2 mummies (Ossuary)
  Robin (D:3)
  12 gnolls
  A worker ant zombie (D:5)
  A howler monkey skeleton (D:6)
  13 adders
  A shadow imp (D:9)
  2 adder skeletons (D:5)
  5 adder zombies
  4 worms
  A dart slug (D:3)
  7 leopard geckos
  71 orcs
  6 bats (D:1)
  11 giant cockroaches
  8 gnoll zombies
  13 goblins
  15 hobgoblins
  6 jackals
  A quokka (D:2)
  3 ball pythons
  4 frilled lizards
  5 hobgoblin zombies (Ossuary)
  8 kobolds
  4 kobold zombies (Ossuary)
  A leopard gecko zombie (D:5)
  5 orc zombies (Ossuary)
  A quokka skeleton (D:8)
  5 rats
  4 fungi (D:9)
343 creatures vanquished.

Vanquished Creatures (collateral kills)
  A two-headed ogre (D:10)
  A deep elf mage (D:10)
  An ice devil (IceCv)
  A hornet (D:9)
  A hippogriff (D:10)
  6 yaks
  A hungry ghost (D:8)
  A black bear (D:8)
  A slave (D:8)
  A bullfrog (D:9)
  A scorpion (D:9)
  2 orc wizards
  A jelly (D:9)
  An adder (D:9)
  An adder skeleton (D:9)
  2 orcs
23 creatures vanquished.

Vanquished Creatures (others)
  An orc warrior (D:10)
  A jackal zombie (D:8)
  6 fungi (D:10)
  2 plants (D:10)
10 creatures vanquished.

Grand Total: 376 creatures vanquished

Notes
Turn   | Place    | Note
-------+----------+-------------------------------------------
     0 | D:1      | Ekaitz the Vine Stalker Ice Elementalist began the quest for the Orb.
     0 | D:1      | Reached XP level 1. HP: 9/9 MP: 4/4
   185 | D:1      | Reached XP level 2. HP: 6/13 MP: 0/6
   189 | D:1      | Learned a level 2 spell: Throw Frost
   680 | D:1      | Reached XP level 3. HP: 17/17 MP: 6/8
   692 | D:1      | Learned a level 3 spell: Ozocubu's Armour
  1212 | D:2      | Reached skill level 1 in Fighting
  1271 | D:2      | Gained mutation: Your natural rate of healing is unusually fast. [Vine Stalker growth]
  1271 | D:2      | Reached XP level 4. HP: 5/22 MP: 0/9
  1745 | D:2      | Reached XP level 5. HP: 16/25 MP: 1/10
  1783 | D:2      | Learned a level 4 spell: Throw Icicle
  2565 | D:3      | Noticed Robin
  2576 | D:3      | Killed Robin
  2582 | D:3      | Reached XP level 6. HP: 24/30 MP: 6/12
  2972 | D:4      | Reached skill level 1 in Short Blades
  3484 | D:4      | Found a staircase to the Ecumenical Temple.
  3490 | Temple   | Entered the Ecumenical Temple
  3497 | Temple   | Became a worshipper of Vehumet
  3573 | D:4      | Reached XP level 7. HP: 20/35 MP: 4/14
  3843 | D:5      | Entered Level 5 of the Dungeon
  3968 | D:5      | Found a runed door.
  3980 | D:5      | Found a runed door.
  4109 | D:5      | Learned a level 4 spell: Summon Ice Beast
  4205 | D:5      | Gained mutation: You have razor-sharp teeth. [Vine Stalker growth]
  4205 | D:5      | Reached XP level 8. HP: 38/40 MP: 12/15
  4643 | D:5      | Reached * piety under Vehumet
  4643 | D:5      | Offered knowledge of Magic Dart by Vehumet.
  4906 | D:6      | Found a sand-covered staircase.
  4921 | D:6      | Reached skill level 1 in Summonings
  5029 | Ossuary  | Entered an ossuary
  5102 | Ossuary  | Reached skill level 5 in Stealth
  5257 | Ossuary  | Reached ** piety under Vehumet
  5260 | Ossuary  | Offered knowledge of Searing Ray by Vehumet.
  5286 | Ossuary  | Learned a level 2 spell: Searing Ray
  5412 | D:6      | Found Caikol's General Store.
  5420 | D:6      | Bought a potion of agility for 48 gold pieces
  5420 | D:6      | Bought a scroll of identify for 24 gold pieces
  5647 | D:6      | Reached XP level 9. HP: 25/45 MP: 17/17
  5967 | D:6      | Reached skill level 5 in Spellcasting
  6022 | D:6      | Found a burning altar of Makhleb.
  6022 | D:6      | Found a stormy altar of Qazlal.
  6135 | D:7      | Offered knowledge of Inner Flame by Vehumet.
  6446 | D:7      | Reached skill level 5 in Ice Magic
  6448 | D:7      | Reached *** piety under Vehumet
  6554 | D:7      | Found an iron altar of Okawaru.
  6828 | D:7      | Found Vegaal's Assorted Antiques.
  6854 | D:7      | Bought a fizzy pink potion for 24 gold pieces
  6854 | D:7      | Bought a scroll labeled TUGOPH PA NACW for 27 gold pieces
  6854 | D:7      | Bought a murky puce potion for 24 gold pieces
  6854 | D:7      | Bought a bubbling ruby potion for 24 gold pieces
  6882 | D:8      | Noticed Pikel
  6901 | D:8      | Killed Pikel
  6901 | D:8      | Reached skill level 5 in Fighting
  6958 | D:8      | Reached XP level 10. HP: 51/51 MP: 5/19
  7184 | D:8      | Found Docsagug's Assorted Antiques.
  7205 | D:8      | Bought a scroll labeled TUGOPH PA NACW for 20 gold pieces
  7205 | D:8      | Bought a fizzy pink potion for 18 gold pieces
  7326 | D:8      | Offered knowledge of Dazzling Spray by Vehumet.
  7338 | D:8      | Found a basalt altar of Yredelemnul.
  7526 | D:8      | Upgraded the game from 0.22-a0-553-g9358b0b to 0.22-a0-558-gc224181
  7941 | D:8      | Got a translucent scale mail
  7942 | D:8      | Identified the +1 scale mail "Oxkah" {rF++} (You found it on level 8 of the Dungeon)
  8037 | D:8      | Reached skill level 5 in Summonings
  8404 | D:9      | Noticed a two-headed ogre
  8415 | D:9      | Killed a two-headed ogre
  8415 | D:9      | Reached skill level 1 in Evocations
  8487 | D:9      | Noticed a two-headed ogre
  8489 | D:9      | Reached **** piety under Vehumet
  8664 | D:9      | Reached skill level 5 in Short Blades
  8686 | D:9      | Offered knowledge of Static Discharge by Vehumet.
  8898 | D:9      | Reached skill level 1 in Charms
  8905 | D:9      | Reached XP level 11. HP: 29/56 MP: 19/21
  8972 | D:9      | Paralysed by a hornet for 2 turns
  8972 | D:9      | Reached skill level 1 in Shields
  9236 | D:9      | Killed a two-headed ogre
  9488 | D:9      | Identified the Handbook of the Glacier and Good Luck
  9592 | D:10     | Entered Level 10 of the Dungeon
  9603 | D:10     | Learned a level 6 spell: Freezing Cloud
  9656 | D:10     | Found a staircase to the Lair.
  9778 | D:10     | Got a pair of encrusted gloves
  9779 | D:10     | Identified the +2 pair of gloves of Free Will {Str-2 Int+7 SInv} (You found it on level 10 of the Dungeon)
  9848 | D:10     | Noticed a two-headed ogre
  9970 | D:10     | Reached ***** piety under Vehumet
  9977 | D:10     | Killed a two-headed ogre
  9977 | D:10     | Reached skill level 1 in Air Magic
 10060 | D:10     | Offered knowledge of Poison Arrow by Vehumet.
 10120 | D:10     | Noticed a deep elf mage
 10128 | D:10     | Killed a deep elf mage
 10290 | D:10     | Found a roughly hewn altar of Beogh.
 10364 | D:10     | Noticed a manticore
 10501 | D:10     | Killed a manticore
 10874 | D:11     | Found a blossoming altar of Fedhas.
 10936 | D:11     | Found a frozen archway.
 11000 | IceCv    | Entered an ice cave
 11053 | IceCv    | Slain by an ice devil

Vault maps used:
D:1:      eino_arrival_druids_welcome
D:2:      first_ration
D:3:      minmay_item_behind_shaft, uniq_robin
D:4:      minmay_temple_entry_fiery, lemuel_another_geyser
D:5:      lemuel_insect_pit
D:6:      gammafunk_temple_overflow_elements, serial_shops, nicolae_shop_stone,
          nicolae_ossuary_entry_ruins
D:7:      okawaru_ov_weapons_minmay, serial_shops,
          nicolae_shop_overgrown_old_shop
D:8:      lemuel_zombie_altar_yredelemnul, serial_shops, shop, uniq_pikel
D:9:      blue_anna_alchemist, water_boxes_lemuel
D:10:     due_lair_maze_entry_diamond, special_room, minivault_20
D:11:     orc_0_dummy, portal_ice_cave_rime, fedhas_altar_decomposition
Temple:   nicolae_temple_no_exploring_needed
Ossuary:  ossuary_tomb_2
IceCv:    ice_cave_tombish

Skill      XL: |  1  2  3  4  5  6  7  8  9 10 11 |
---------------+----------------------------------+-----
Fighting       | 1 2 3 4 5 6 |  6.4
Stealth        | 3 4 5 6 7 |  7.0
Spellcasting   | 3 4 5 6 7 |  7.1
Conjurations   | 2 3 4 |  4.9
Dodging        | 2 3 4 |  4.8
Ice Magic      | 4 5 6 7 |  7.0
Short Blades   | 1 3 4 5 6 |  6.2
Summonings     | 2 4 5 |  5.7
Evocations     | 2 3 |  3.3
Charms         | 1 2 |  2.0
Shields        | 3 |  3.4
Air Magic      | 3 |  3.3
Long Blades    | |  0.7

Action                   |  1- 3 |  4- 6 |  7- 9 | 10-12 || total
-------------------------+-------+-------+-------+-------++-------
Melee: Unarmed           |    13 |       |       |       ||    13
       Bite              |     9 |    38 |   109 |   111 ||   267
       Dagger            |    34 |   163 |   209 |    28 ||   434
       Short sword       |       |       |   145 |   357 ||   502
 Cast: Freeze            |    19 |    42 |    18 |     2 ||    81
       Throw Frost       |    22 |    48 |    29 |    49 ||   148
       Throw Icicle      |       |       |     3 |    30 ||    33
       Searing Ray       |       |       |     5 |     4 ||     9
       Ozocubu's Armour  |       |       |     2 |     6 ||     8
       Summon Ice Beast  |       |       |     5 |    20 ||    25
       Freezing Cloud    |       |       |       |     1 ||     1
  Use: Scroll            |       |     5 |     8 |    11 ||    24
       Potion            |       |       |     6 |     3 ||     9
 Stab: Sleeping          |     4 |     8 |    15 |     7 ||    34
       Distracted        |       |       |     2 |       ||     2
  Eat: Chunk             |     2 |    10 |    14 |    14 ||    40
       Ration            |       |       |       |     2 ||     2
Armor: Robe              |    15 |    44 |    74 |    71 ||   204
Dodge: Dodged            |    38 |   120 |   230 |   262 ||   650
       Deflected         |       |       |       |     5 ||     5

Table legend:
 A = Spawn XP
 B = Non-spawn XP
 C = Spawn XP percentage of total XP
 D = Spawn monster count
 E = Non-spawn monster count
 F = Spawn count percentage of total count
 G = Total turns spent on level
                    A         B        C        D         E        F      G
               +---------+---------+-------+---------+---------+-------+---------
         Total |       0 |   17408 |   0.0 |       0 |     361 |   0.0 | 11053
               +---------+---------+-------+---------+---------+-------+---------
           D:1 |       0 |      53 |   0.0 |       0 |      31 |   0.0 |  1114
           D:2 |       0 |     202 |   0.0 |       0 |      29 |   0.0 |   974
           D:3 |       0 |     155 |   0.0 |       0 |      28 |   0.0 |   986
           D:4 |       0 |     380 |   0.0 |       0 |      24 |   0.0 |   745
           D:5 |       0 |     790 |   0.0 |       0 |      30 |   0.0 |  1047
           D:6 |       0 |    1209 |   0.0 |       0 |      29 |   0.0 |   892
           D:7 |       0 |     617 |   0.0 |       0 |      18 |   0.0 |   732
           D:8 |       0 |    2642 |   0.0 |       0 |      24 |   0.0 |  1478
           D:9 |       0 |    4685 |   0.0 |       0 |      54 |   0.0 |  1254
          D:10 |       0 |    4777 |   0.0 |       0 |      55 |   0.0 |  1206
          D:11 |       0 |    1277 |   0.0 |       0 |       8 |   0.0 |   180
       Ossuary |       0 |     293 |   0.0 |       0 |      30 |   0.0 |   368
         IceCv |       0 |     328 |   0.0 |       0 |       1 |   0.0 |    53
               +---------+---------+-------+---------+---------+-------+---------
